 Dungeon Crawl Stone Soup version 0.22-a0-274-gf8199ec (webtiles) character file.

151 varam the Ruffian (level 5, -4/50 HPs)
             Began as a Troll Monk on Mar 14, 2018.
             Was a Believer of Cheibriados.
             Killed from afar by an orc wizard (10 damage)
             ... with a puff of frost
             ... on level 3 of the Dungeon.
             The game lasted 00:03:00 (1278 turns).

varam the Ruffian (Troll Monk)                      Turns: 1278, Time: 00:03:01

Health: -4/50      AC:  6    Str: 29    XL:     5   Next: 10%
Magic:  4/4        EV: 11    Int: 12    God:    Cheibriados [**....]
Gold:   130        SH:  0    Dex: 17    Spells: 4/4 levels left

rFire    + . .     SeeInvis .     - Unarmed
rCold    x . .     Gourm    +   (no shield)
rNeg     . . .     Faith    .   a - +0 robe
rPois    .         Spirit   .   (helmet restricted)
rElec    .         Reflect  .   k - +0 cloak
rCorr    .         Harm     .   (gloves unavailable)
MR       .....                  (boots unavailable)
Stlth    ++........             (no amulet)
HPRegen  0.56/turn              h - ring of fire
MPRegen  0.09/turn              (no ring)

@: mighty, lethally poisoned (-4 -> -51), flying, hasted
A: large, unfitting armour, claws 3, fast metabolism 3, gourmand, regeneration
1, shaggy fur 1, tough skin 2
a: Bend Time, Renounce Religion


You were on level 3 of the Dungeon.
You worshipped Cheibriados.
Cheibriados was pleased with you.
You were completely stuffed.

You visited 1 branch of the dungeon, and saw 3 of its levels.

You collected 130 gold pieces.

Inventory:

Armour
 a - a +0 robe (worn)
 d - a +0 large shield
 k - a +0 cloak (worn)
Jewellery
 h - a ring of fire (left claw)
Scrolls
 c - 4 scrolls of magic mapping {unknown}
 e - a scroll of teleportation {unknown}
 g - a scroll of blinking {unknown}
 j - 2 scrolls of identify {unknown}
Potions
 i - a potion of haste
 m - a potion of flight
Comestibles
 b - 2 rations


   Skills:
 - Level 2.4 Fighting
 - Level 2.4 Dodging
 - Level 1.0 Stealth
 + Level 1.3 Shields
 + Level 5.5 Unarmed Combat


You had 4 spell levels left.
You didn't know any spells.

Dungeon Overview and Level Annotations

Branches:
Dungeon (3/15)

Altars:
Cheibriados


Innate Abilities, Weirdness & Mutations

You are too large for most types of armour.
You have claws for hands.
Your metabolism is lightning-fast.
You like to eat raw meat.
Your natural rate of healing is unusually fast.
You are covered in fur. (AC +1)
You have very tough skin. (AC +2)


Message History

Cheibriados forgives your accidental hurry, just this once.
* * * LOW HITPOINT WARNING * * *
You feel very sick. Something completely misses you.
Something hits you but does no damage.
You are more poisoned.
It was a potion of flight.
You feel very buoyant.
You fly up into the air.
* * * LOW HITPOINT WARNING * * *
You feel very sick. Something hits you but does no damage.
You are more poisoned.
It was a potion of might.
You feel very mighty all of a sudden.
* * * LOW HITPOINT WARNING * * *
You feel sick.
You hear some strange, mumbled words.
A puff of frost appears from out of thin air!
The puff of frost hits you!
You feel a terrible chill!
You die...

#.#####
#.#..#........#.#
...
#....#.########.#
.... ##...#.# #.#
.... #...#.# #.#
.... ##..#.# #.#
.... #.)#.########.#
....
######..#..........#
......>.############
#######.@{oo..#
#######?#


You could see 2 orcs.

Vanquished Creatures
  Jessica (D:3)
  Terence (D:2)
  4 adders
  2 worms (D:2)
  2 dart slugs (D:1)
  3 orcs (D:3)
  3 giant cockroaches
  7 goblins
  4 hobgoblins
  2 jackals (D:1)
  7 kobolds
  A quokka (D:2)
  7 bats
  A frilled lizard (D:1)
  6 rats
51 creatures vanquished.

Notes
Turn   | Place    | Note
-------+----------+-------------------------------------------
     0 | D:1      | varam the Troll Monk began the quest for the Orb.
     0 | D:1      | Reached XP level 1. HP: 22/22 MP: 0/0
   138 | D:1      | Reached XP level 2. HP: 29/29 MP: 1/1
   321 | D:1      | Reached skill level 4 in Unarmed Combat
   399 | D:1      | Reached XP level 3. HP: 36/36 MP: 2/2
   543 | D:2      | Noticed Terence
   552 | D:2      | Killed Terence
   566 | D:1      | Reached skill level 5 in Unarmed Combat
   566 | D:1      | Reached XP level 4. HP: 44/44 MP: 3/3
  1007 | D:2      | Found a snail-covered altar of Cheibriados.
  1012 | D:2      | Became a worshipper of Cheibriados the Contemplative
  1012 | D:2      | Reached * piety under Cheibriados
  1012 | D:2      | Reached ** piety under Cheibriados
  1217 | D:3      | Noticed Jessica
  1237 | D:3      | Killed Jessica
  1237 | D:3      | Reached skill level 1 in Shields
  1237 | D:3      | Reached XP level 5. HP: 45/50 MP: 4/4
  1278 | D:3      | Killed from afar by an orc wizard

Vault maps used:
D:1:      matt_arrival_refuge
D:2:      marbit_many_paths, grunt_decor_resistance, uniq_terence
D:3:      kennysheep_goblin_castle, lemuel_round_altar,
          chequers_temple_overflow_minitemple, uniq_jessica

Skill      XL: |  1  2  3  4 |
---------------+-------------+-----
Unarmed Combat | 4 5 |  5.5
Shields        | 1 |  1.3
Fighting       | |  2.4
Dodging        | |  2.4
Stealth        | |  1.0

Action                   |  1- 3 |  4- 6 || total
-------------------------+-------+-------++-------
Melee: Unarmed           |    79 |    63 ||   142
       Punch             |     2 |     1 ||     3
  Use: Potion            |       |     3 ||     3
 Stab: Sleeping          |     1 |     1 ||     2
  Eat: Chunk             |    10 |     6 ||    16
Armor: Robe              |    44 |    25 ||    69
Dodge: Dodged            |    44 |    19 ||    63

Table legend:
 A = Spawn XP
 B = Non-spawn XP
 C = Spawn XP percentage of total XP
 D = Spawn monster count
 E = Non-spawn monster count
 F = Spawn count percentage of total count
 G = Total turns spent on level
                    A         B        C        D         E        F      G
               +---------+---------+-------+---------+---------+-------+---------
         Total |       0 |     216 |   0.0 |       0 |      51 |   0.0 |  1278
               +---------+---------+-------+---------+---------+-------+---------
           D:1 |       0 |      59 |   0.0 |       0 |      26 |   0.0 |   505
           D:2 |       0 |      81 |   0.0 |       0 |      17 |   0.0 |   597
           D:3 |       0 |      76 |   0.0 |       0 |       8 |   0.0 |   176
               +---------+---------+-------+---------+---------+-------+---------
